 Dungeon Crawl Stone Soup version 0.26-a0-540-g8a0c9464d7 (webtiles) character file.

Game seed: 14140202270911950791

1824 Lanoc the Frost Mage (level 8, -12/41 HPs)
             Began as a Deep Elf Ice Elementalist on Aug 23, 2020.
             Was a Follower of Qazlal.
             Mangled by Menkaure (25 damage)
             ... on level 6 of the Dungeon.
             The game lasted 00:07:44 (4902 turns).

Lanoc the Frost Mage (Deep Elf Ice Elementalist)    Turns: 4902, Time: 00:07:45

Health: -12/41     AC:  2    Str:  5    XL:     8   Next: 86%
Magic:  12/14      EV: 17    Int: 23    God:    Qazlal [*.....]
Gold:   183        SH:  1    Dex: 15    Spells: 7/13 levels left

rFire    . . .     SeeInvis .   j - +2 dagger (elec)
rCold    . . .     Faith    .   (no shield)
rNeg     . . .     Spirit   .   a - +0 robe
rPois    .         Reflect  .   (no helmet)
rElec    .         Harm     .   (no cloak)
rCorr    .         Rnd*Tele +   (no gloves)
MR       .....                  (no boots)
Stlth    ++........             (no amulet)
HPRegen  0.13/turn              p - ring of teleportation (curse)
MPRegen  0.14/turn              (no ring)

@: frozen ramparts
A: no striking features
a: Renounce Religion


You were on level 6 of the Dungeon.
You worshipped Qazlal.
Qazlal was aware of your devotion.
You visited 1 branch of the dungeon, and saw 6 of its levels.
You also visited: Sewer.

You collected 183 gold pieces.

Inventory:

Hand Weapons
 j - a +2 dagger of electrocution (weapon)
Armour
 a - a +0 robe (worn)
Jewellery
 p - a cursed ring of teleportation (left hand)
Wands
 n - a wand of random effects (17)
Scrolls
 c - 3 scrolls of identify
 d - a scroll of fear {unknown}
 e - 2 scrolls of random uselessness {unknown}
 f - 2 scrolls of amnesia
 g - 2 scrolls of remove curse
 o - a scroll of blinking {unknown}
Potions
 b - a potion of haste
 h - a potion of stabbing {unknown}
 i - a potion of degeneration {unknown}
 k - a potion of curing
 l - a potion of brilliance
 m - a potion of mutation {unknown}


   Skills:
 + Level 8.3 Dodging
 - Level 2.4 Stealth
 - Level 3.0 Spellcasting
 * Level 11.0 Ice Magic


You had 7 spell levels left.
You knew the following spells:

 Your Spells              Type           Power        Failure   Level
b - Frozen Ramparts       Ice            ######       1%          3
c - Ozocubu's Armour      Ice            ######..     1%          3

Your spell library contained the following spells:

 Spells                   Type           Power        Failure   Level
 Freeze                   Ice            ####         1%          1
 Hailstorm                Conj/Ice       ####....     12%         4
 Summon Ice Beast         Ice/Summ       ####....     12%         4


Dungeon Overview and Level Annotations

Branches:
Dungeon (6/15)             Temple (0/1) D:6           Sewer (visited)

Altars:
Dithmenos
Kikubaaqudgha
Okawaru
Qazlal
Sif Muna
Trog
Vehumet
Zin

Annotations:
D:6 Grinder, Menkaure


Message History

Menkaure resists.
The wall freezes Menkaure.
The wall freezes the water moccasin!
You kill the water moccasin!
Qazlal accepts your kill.
Your Ice Magic skill increases to level 11!
Menkaure resists.
The wall freezes Menkaure.
You barely miss Menkaure.
Menkaure is moderately damaged.
Menkaure resists.
The wall freezes Menkaure.
Menkaure hits you!!
* * * LOW HITPOINT WARNING * * *
You barely miss Menkaure.
Menkaure is heavily damaged.
Menkaure resists.
The wall freezes Menkaure.
Menkaure calls on the powers of darkness!
Your body is wracked with pain!
* * * LOW HITPOINT WARNING * * *
It was a potion of curing.
You feel better.
Menkaure resists.
The wall freezes Menkaure.
Menkaure hits you!!
Ouch! That really hurt!
You die...

............##.#............
.........................S..
..........#..#####..#.#.#.#.
#####.......## #..........
#......### #..#..M....
#....##.###### ##.........
#..............## #.#...>...
#.#.............###.........
#...............@##.#......|
#................M..........
##...............##.#.#.#.#.
##################........!
#.....h... #.........
.....[.... ......... .......


You could see Menkaure (fast).

Vanquished Creatures
  Pikel (D:4)
  Prince Ribbit (D:5)
  A water moccasin (D:6)
  Purgy (Sewer)
  2 ogres (D:4)
  A centaur (D:5)
  Blork the orc (D:4)
  4 lemures (D:4)
  A scorpion (D:5)
  A howler monkey (D:6)
  2 jellies (D:5)
  2 orc priests
  2 bullfrog skeletons
  3 orc wizards
  4 worker ants
  A hound skeleton (D:4)
  3 gnolls (D:2)
  10 adders
  3 river rats (D:4)
  A shadow imp (D:5)
  An ufetubus (D:5)
  3 worms
  2 leopard geckos
  9 orcs
  A ball python (D:2)
  2 giant cockroaches
  5 goblins
  6 hobgoblins
  8 jackals
  2 quokkas
  7 bats
  4 frilled lizards
  4 kobolds
  A leopard gecko zombie (D:5)
  6 rats
106 creatures vanquished.

Notes
Turn   | Place    | Note
-------+----------+-------------------------------------------
     0 | D:1      | Lanoc the Deep Elf Ice Elementalist began the quest for the
                  | Orb.
     0 | D:1      | Reached XP level 1. HP: 10/10 MP: 6/6
   166 | D:2      | Reached XP level 2. HP: 10/15 MP: 2/8
   171 | D:2      | Reached skill level 5 in Ice Magic
   264 | D:2      | Reached XP level 3. HP: 19/19 MP: 4/9
   274 | D:2      | Learned a level 3 spell: Frozen Ramparts
   321 | D:2      | Learned a level 3 spell: Ozocubu's Armour
   640 | D:2      | Found a stormy altar of Qazlal.
   661 | D:2      | Became a worshipper of Qazlal Stormbringer
   820 | D:3      | Reached XP level 4. HP: 24/24 MP: 6/10
   963 | D:3      | Found an iron altar of Okawaru.
  1214 | D:3      | Found a bloodstained altar of Trog.
  1262 | D:3      | Reached skill level 6 in Ice Magic
  1281 | D:3      | Reached XP level 5. HP: 4/28 MP: 4/11
  1926 | D:3      | Found a bloodstained altar of Trog.
  2302 | D:4      | Noticed an ogre
  2320 | D:4      | Killed an ogre
  2440 | D:4      | Noticed an ogre
  2450 | D:4      | Killed an ogre
  2450 | D:4      | Reached skill level 5 in Dodging
  2450 | D:4      | Reached skill level 7 in Ice Magic
  2450 | D:4      | Reached XP level 6. HP: 32/32 MP: 8/12
  2595 | D:4      | Noticed Pikel
  2658 | D:4      | Killed Pikel
  2658 | D:4      | Reached skill level 9 in Ice Magic
  2658 | D:4      | Reached XP level 7. HP: 27/36 MP: 7/13
  2710 | D:4      | Found a glowing drain.
  2720 | Sewer    | Entered a sewer
  2839 | Sewer    | Noticed Purgy
  2847 | Sewer    | Killed Purgy
  2847 | Sewer    | Reached XP level 8. HP: 31/41 MP: 10/14
  3083 | D:4      | Noticed Blork the orc
  3090 | D:4      | Killed Blork the orc
  3246 | D:4      | Found a glowing silver altar of Zin.
  3248 | D:4      | Found a shimmering blue altar of Sif Muna.
  3249 | D:4      | Found an ancient bone altar of Kikubaaqudgha.
  3249 | D:4      | Found a radiant altar of Vehumet.
  3535 | D:4      | Found a shadowy altar of Dithmenos.
  3645 | D:5      | Entered Level 5 of the Dungeon
  3655 | D:5      | Noticed Prince Ribbit
  3674 | D:5      | Killed Prince Ribbit
  3674 | D:5      | Reached skill level 10 in Ice Magic
  4039 | D:5      | Reached * piety under Qazlal
  4888 | D:6      | Found a staircase to the Ecumenical Temple.
  4888 | D:6      | Noticed Menkaure
  4889 | D:6      | Noticed Grinder
  4899 | D:6      | Reached skill level 11 in Ice Magic
  4902 | D:6      | Mangled by Menkaure

Illustrated notes

Levels and vault maps discovered:
D:1:      minmay_arrival_shoal_huts, layout_basic, minmay_misc_feat_four_crosses
D:2:      layout_rooms, nemelex_altar_shiori, grunt_qazlal_clouds
D:3:      layout_loops_ring, okawaru_ov_weapons_minmay, old_standard_altar,
          trog_three_pillars_becter
D:4:      layout_loops_corners, nicolae_overflow_hidden_temple, minitemple,
          lightli_sewer_entry_pipes, serial_bayou_pond_d, st_stairs_14,
          minmay_diced_spiral, uniq_blork_the_orc, uniq_pikel
D:5:      layout_loops_ring, uniq_prince_ribbit1
D:6:      layout_rooms, minmay_temple_entry_glass, uniq_menkaure, uniq_grinder,
          uniq_crazy_yiuf_cottage

Skill      XL: |  1  2  3  4  5  6  7  8 |
---------------+-------------------------+-----
Dodging        | 3 4 5 6 8 |  8.3
Ice Magic      | 5 6 7 9 11 | 11.0
Stealth        | |  2.4
Spellcasting   | |  3.0

Action                   |  1- 3 |  4- 6 |  7- 9 || total
-------------------------+-------+-------+-------++-------
Melee: Unarmed           |     9 |     6 |       ||    15
       Dagger            |       |    14 |    67 ||    81
 Cast: Freeze            |    33 |     3 |       ||    36
       Frozen Ramparts   |     4 |    21 |    26 ||    51
  Use: Potion            |       |     1 |     1 ||     2
       Scroll            |       |     6 |       ||     6
 Stab: Distracted        |     1 |       |       ||     1
       Sleeping          |       |     1 |     2 ||     3
Armor: Robe              |     3 |     3 |     6 ||    12
Dodge: Dodged            |    23 |    28 |    64 ||   115

Table legend: (Time is in decaauts)
 A = Elapsed time spent in this place.
 B = Non-inter-level travel time spent in this place.
 C = Inter-level travel time spent in this place.
 D = Time resting spent in this place.
 E = Time spent auto-exploring this place.
 F = Levels seen in this place.
 G = Mean time per level.
                   A        B        C        D        E       F      G
               +--------+--------+--------+--------+--------+-----+--------+
         Total |   4917 |   4818 |     99 |      7 |   3913 |   7 |  702.4 |
       Dungeon |   4638 |   4539 |     99 |      7 |   3681 |   6 |  773.0 |
         Sewer |    278 |    278 |      0 |      0 |    232 |   1 |  278.0 |
               +--------+--------+--------+--------+--------+-----+--------+

Top non-repeatable levels by time:
     D:3: 1440 daAuts
     D:5: 1211 daAuts
     D:4: 1139 daAuts
     D:2: 690 daAuts
   Sewer: 278 daAuts
     D:1: 112 daAuts
     D:6: 44 daAuts
